 Dungeon Crawl Stone Soup version 0.28.0-45-g0d030f2227 (webtiles) character file.

Game seed: 7314056835371713407

533 zeratav the Insei (level 7, -2/46 HPs)
             Began as an Octopode Transmuter on Apr 9, 2022.
             Was an Initiate of Ashenzari.
             Slain by Maggie
             ... wielding a +0 morningstar
              (10 damage)
             ... on level 6 of the Dungeon.
             The game lasted 00:15:36 (6756 turns).

zeratav the Insei (Octopode Transmuter)             Turns: 6756, Time: 00:15:37

Health: -2/46      AC:  1    Str: 12    XL:     7   Next: 24%
Magic:  8/10       EV: 16    Int: 15    God:    Ashenzari [......]
Gold:   188        SH:  0    Dex: 24    Spells: 6/10 levels left

rFire   . . .      SeeInvis .   c - +3 dagger {short}
rCold   . . .      Faith    .   (no shield)
rNeg    . . .      Spirit   .   (helmet restricted)
rPois   .          Reflect  .   (no amulet)
rElec   .          Harm     .   e - ring of wizardry
rCorr   .          Rampage  .   h - +6 ring of dexterity
Will    .....                   o - +6 ring of dexterity
Stlth   ++++......              (no ring)
HPRegen 0.15/turn               (no ring)
MPRegen 0.12/turn               (no ring)
                                (no ring)
                                (no ring)

@: mesmerised
A: almost no armour, amphibious, 8 rings, camouflage 1, gelatinous body 1,
(nimble swimmer 1), tentacles
a: Renounce Religion, Curse Item


You were on level 6 of the Dungeon.
You worshipped Ashenzari.
Ashenzari was noncommittal.
You visited 2 branches of the dungeon, and saw 7 of its levels.

You collected 188 gold pieces.


Innate Abilities, Weirdness & Mutations

You cannot wear most types of armour.
You are amphibious.
You can wear up to eight rings at the same time.
Your skin changes colour to match your surroundings (Stealth+).
Your rubbery body absorbs attacks. (AC +1, EV +1)
((You are camouflaged when in or above water. (Stealth+)))
You have tentacles for arms and can constrict up to eight enemies at once.


   Skills:
 + Level 3.3 Fighting
 + Level 3.8 Dodging
 + Level 4.5 Stealth
 * Level 5.5 Unarmed Combat
 - Level 2.0 Spellcasting
 - Level 2.0 Transmutations


You had 6 spell levels left.
You knew the following spells:

 Your Spells              Type           Power      Damage    Failure   Level
a - Beastly Appendage     Tmut           14%        N/A       4%          1
b - Spider Form           Tmut/Pois      4%         N/A       17%         3

Your spell library contained the following spells:

 Spells                   Type           Power      Damage    Failure   Level
 Wereblood                Tmut           7%         N/A       6%          2
 Animate Skeleton         Necr           2%         N/A       9%          1
 Apportation              Tloc           2%         N/A       9%          1
 Summon Small Mammal      Summ           4%         N/A       9%          1
 Sublimation of Blood     Necr           1%         N/A       13%         2
 Ice Form                 Ice/Tmut       4%         N/A       47%         4
 Passage of Golubria      Tloc           1%         N/A       61%         4
 Blade Hands              Tmut           3%         N/A       69%         5
 Irradiate                Conj/Tmut      2%         3d14      82%         5
 Silence                  Hex/Air        0%         N/A       91%         5
 Dragon Form              Tmut           3%         N/A       100%        7
 Summon Hydra             Summ           0%         N/A       100%        7
 Lehudib's Crystal Spear  Conj/Erth      0%         10d2      100%        8

Inventory:

Hand Weapons
 c - a +3 dagger (weapon) {short}
   (You found it on level 1 of the Dungeon)
Jewellery
 e - a ring of wizardry (left tentacle)
   (You found it on level 2 of the Dungeon)
 f - an amulet of faith {!P}
   (You found it on level 2 of the Dungeon)
 h - a +6 ring of dexterity (right tentacle)
   (You found it on level 3 of the Dungeon)
 o - a +6 ring of dexterity (on tentacle)
   (You found it on level 5 of the Dungeon)
Wands
 a - a wand of digging (2)
   (You found it on level 6 of the Dungeon)
 j - a wand of acid (5)
   (You found it on level 4 of the Dungeon)
Scrolls
 b - 2 scrolls of identify {@r1}
 l - a scroll of immolation {unknown}
 p - a scroll of noise {unknown}
Potions
 d - a potion of haste {@q3}
 g - 3 potions of might
 i - 2 potions of mutation {unknown}
 k - a potion of curing {@q1}
 m - 2 potions of attraction {unknown}
 n - a potion of degeneration {unknown}

Dungeon Overview and Level Annotations

Branches:
Dungeon (6/15)             Temple (1/1) D:4

Altars:
Ashenzari
Dithmenos
Elyvilon
Hepliaklqana
Kikubaaqudgha
Nemelex Xobeh
Okawaru
Sif Muna
Trog
Vehumet
Xom
Yredelemnul

Shops:
D:2 (   D:3 *   D:4 (   D:5 [

Annotations:
D:5 Grinder
D:6 Blork the orc, Maggie

#......(........#.#...
#.................# #.
#..............#..#
########......##..#
#.....# ... #.##>## #.
#.#..# # #.#o#.#
#.@o.# ##@l.# ##o{#
..O. ..... .......
....... .......


You could see Maggie (mesmerising), an ogre, an iguana (very poisoned) and 3
orcs.


Message History

Your mp is fully restored (10).
You start resting.
HP[+23]
Your hp is fully restored (46).
Things that are here:
21 sling bullets; an iguana corpse
a - a wand of digging (2)
An orc comes into view. It is wielding a +0 whip of venom.
There is a stone staircase leading down here.
Casting: Spider Form (dangerous; 17% risk of failure)
Confirm with . or Enter, or press ? or * to list all spells.
You turn into a venomous arachnid creature.
Your +3 dagger {short} melds into your body.
MP[-3]
You lost 3 mp, and now have 7/10 mp.
An orc is nearby!
An orc comes into view. It is wielding a +0 whip.
You barely miss the orc.
You hear a shout!
A centaur comes into view.
Maggie gestures wildly while chanting.
Maggie attempts to bespell you!
You are mesmerised by Maggie!
The orc closely misses you.
You hear a shout! x2
You hit the orc.
The orc is poisoned.
An orc comes into view. It is wielding a +0 flail.
The orc hits you with a +0 whip of venom.
You are poisoned.
An iguana comes into view.
HP[-2]
You take 2 damage, and now have 44/46 hp.
You barely miss the orc.
You feel very sick.
Maggie points at you and mumbles some strange words.
The bolt of fire misses you. The orc hits you but does no damage.
The iguana hisses angrily.
HP[-5]
You take 5 damage, and now have 39/46 hp.
You bite the orc!
You kill the orc!
Your transformation is almost over.
You feel very sick.
An orc comes into view. It is wielding a +0 hand axe.
HP[-4]
You take 4 damage, and now have 35/46 hp.
You hit the centaur.
The centaur is poisoned.
You feel very sick. The centaur hits you. The centaur kicks you.
An orc wizard comes into view. It is wielding a +0 dagger.
The centaur closely misses you. The centaur barely misses you.
An ogre comes into view. It is wielding a +0 giant club.
HP[-9]
You take 9 damage, and now have 26/46 hp.
You bite the centaur!
The centaur looks as sick as possible!
You feel very sick. The centaur barely misses you.
The centaur completely misses you.
Maggie says, "Leave now, and tell all of Margery's mercy!"
Maggie zaps a wand.
Some rock shatters into small pieces.
HP[-2]
You take 2 damage, and now have 24/46 hp.
You bite the centaur!
You kill the centaur!
You feel sick.
HP[-2] MP[+1]
You take 2 damage, and now have 22/46 hp.
You feel sick.
HP[-2]
You take 2 damage, and now have 20/46 hp.
You hit the iguana but do no damage.
The iguana is poisoned.
You feel sick. The iguana misses you.
HP[-1]
You take 1 damage, and now have 19/46 hp.
You hit the iguana but do no damage.
The iguana looks even sicker.
You feel sick. Maggie misses you. The iguana completely misses you.
HP[-1]
You take 1 damage, and now have 18/46 hp.
You hit the iguana.
You feel sick. The iguana completely misses you. Maggie closely misses you.
HP[-1]
You take 1 damage, and now have 17/46 hp.
You barely miss the iguana.
You feel sick. Maggie barely misses you. The iguana closely misses you.
The orc wizard casts a spell.
The orc wizard flickers and vanishes!
Deactivating autopickup; reactivate with Ctrl-A.
HP[-1]
You take 1 damage, and now have 16/46 hp.
You barely miss Maggie.
Your transformation has ended.
Your +3 dagger {short} unmelds from your body.
You feel sick. Maggie hits you with a +0 morningstar!
* * * LOW HITPOINT WARNING * * *
The iguana barely misses you.
HP[-13]
You take 13 damage, and now have 3/46 hp.
MASSIVE DAMAGE!! (PAUSE)
You feel better. Maggie hits you with a +0 morningstar!
You die...

Skill      XL: |  1  2  3  4  5  6 |
---------------+-------------------+-----
Stealth        | 1 2 3 4 |  4.5
Unarmed Combat | 4 5 |  5.5
Fighting       | 2 3 |  3.3
Dodging        | 3 |  3.8
Spellcasting   | |  2.0
Transmutations | |  2.0

Action                   |  1- 3 |  4- 6 |  7- 9 || total
-------------------------+-------+-------+-------++-------
Melee: Unarmed           |    28 |   104 |    12 ||   144
       Constrict         |    17 |    17 |       ||    34
       Kick              |    15 |     5 |       ||    20
       Tentacles         |    15 |    13 |       ||    28
       Dagger            |    54 |    66 |       ||   120
       Punch             |     2 |     3 |       ||     5
 Cast: Beastly Appendage |    34 |    34 |       ||    68
       Spider Form       |       |    18 |     1 ||    19
 Abil: End Transformatio |       |     1 |       ||     1
  Use: Scroll            |       |     8 |       ||     8
       Potion            |       |     1 |     1 ||     2
 Stab: Sleeping          |     5 |    15 |       ||    20
Armor: Skin              |     5 |    11 |     1 ||    17
Dodge: Dodged            |    43 |   137 |    14 ||   194

Levels and vault maps discovered:
D:1:      lightli_arrival_lavapool, layout_basic, serial_glass, glass_columns_a,
          glass_columns_b, glass_columns_c, glass_columns_a, glass_columns_c,
          glass_columns_a, glass_columns_b, glass_columns_a, glass_columns_b,
          glass_columns_b
D:2:      layout_basic, serial_shops, nicolae_shop_bloodbath_and_beyond
D:3:      layout_loops_corners, shapermc_ecumenical_altar_starsandcircs,
          serial_shops, nicolae_diamond_shop
D:4:      layout_basic, elyvilon_altar_3, minmay_temple_entry_purple_smoke,
          serial_shops, shop_fountains, serial_undead, serial_undead_e,
          serial_undead_f, serial_undead_b, serial_undead_c, serial_undead_d,
          serial_undead_a, abandoned_shop
D:5:      layout_cave_pools, serial_shops, nicolae_shop_hallway_stairs,
          chequers_serial_rivers_small_3, uniq_ijyb, uniq_grinder
D:6:      layout_rooms, chequers_serial_rivers_micro_d, kennysheep_cross_room,
          uniq_blork_the_orc, uniq_maggie
Temple:   grunt_wide_crystal_templ

Notes
Turn   | Place    | Note
-------+----------+-------------------------------------------
     0 | D:1      | zeratav the Octopode Transmuter began the quest for the
                  | Orb.
     0 | D:1      | Reached XP level 1. HP: 13/13 MP: 3/3
     0 | D:1      | magus.rc [v1.9.6]
   480 | D:1      | Reached XP level 2. HP: 18/18 MP: 3/5
   541 | D:1      | Reached skill level 1 in Stealth
  1388 | D:2      | You pick up a book of Blood and begin reading...
  1388 | D:2      | You add the spells Sublimation of Blood and Summon Hydra to
                  | your library.
  1508 | D:2      | Reached XP level 3. HP: 23/23 MP: 4/6
  1666 | D:2      | Found Tiar's Weapon Shop.
  2135 | D:2      | Reached skill level 2 in Stealth
  2319 | D:2      | Reached XP level 4. HP: 29/29 MP: 5/7
  2887 | D:3      | Found Abbumn's General Store.
  3029 | D:3      | Reached skill level 4 in Unarmed Combat
  3066 | D:3      | You pick up a book of the Moon and begin reading...
  3066 | D:3      | You add the spells Passage of Golubria, Silence and
                  | Lehudib's Crystal Spear to your library.
  3077 | D:3      | Reached skill level 2 in Fighting
  3296 | D:3      | magus.rc [v1.9.6]
  3352 | D:3      | Found a faded altar of an unknown god.
  3361 | D:3      | Reached XP level 5. HP: 26/34 MP: 6/8
  3934 | D:3      | You pick up a book of Transfigurations {@e2} and begin
                  | reading...
  3934 | D:3      | You add the spells Irradiate, Blade Hands and Dragon Form
                  | to your library.
  4159 | D:4      | Found a staircase to the Ecumenical Temple.
  4175 | Temple   | Entered the Ecumenical Temple
  4184 | Temple   | Became a worshipper of Ashenzari the Shackled
  4417 | D:4      | Found a white marble altar of Elyvilon.
  4425 | D:4      | You pick up a book of Cantrips and begin reading...
  4425 | D:4      | You add the spells Animate Skeleton, Summon Small Mammal
                  | and Apportation to your library.
  4750 | D:4      | Learned a level 3 spell: Spider Form
  4866 | D:4      | Reached skill level 3 in Dodging
  4866 | D:4      | Reached skill level 3 in Stealth
  5115 | D:4      | Reached XP level 6. HP: 30/41 MP: 5/9
  5528 | D:4      | Reached skill level 5 in Unarmed Combat
  5940 | D:4      | Found Hethraiw's Weapon Shoppe.
  6000 | D:5      | Entered Level 5 of the Dungeon
  6000 | D:5      | Found Idwiv's Antique Armour Boutique.
  6042 | D:5      | Noticed Grinder
  6130 | D:5      | Paralysed by Grinder for 5 turns
  6348 | D:5      | Reached skill level 4 in Stealth
  6366 | D:6      | Noticed Maggie
  6369 | D:6      | Noticed Blork the orc
  6374 | D:6      | HP: 5/41 [wyvern skeleton (13)]
  6393 | D:6      | HP: 10/41 [bullfrog zombie (3)]
  6396 | D:6      | Reached skill level 3 in Fighting
  6491 | D:6      | HP: 10/42 [iguana (3)]
  6530 | D:6      | Reached XP level 7. HP: 17/46 MP: 4/10
  6755 | D:6      | HP: 3/46 [Maggie/+0 morningstar (13)]
  6756 | D:6      | Slain by Maggie

Vanquished Creatures
  A centaur (D:6)
  A water moccasin skeleton (D:4)
  A bullfrog zombie (D:6)
  A centaur skeleton (D:5)
  2 iguanas (D:6)
  An orc wizard (D:4)
  A scorpion zombie (D:4)
  2 hound zombies (D:4)
  2 hound skeletons (D:4)
  A howler monkey zombie (D:4)
  6 adders
  2 adder skeletons (D:4)
  3 adder zombies (D:4)
  2 worms
  A dart slug (D:2)
  11 orcs
  3 ball pythons
  4 bats
  9 endoplasms
  4 giant cockroaches
  4 goblins
  7 hobgoblins
  9 jackals
  3 quokkas
  2 frilled lizards
  7 kobolds
  11 rats
101 creatures vanquished.

Table legend:
 A = Non-vault XP
 B = Vault XP
 C = Vault XP percentage of total XP
 D = Non-vault monster count
 E = Vault monster count
 F = Vault count percentage of total count
                 A         B        C        D         E       F
            +---------+---------+-------+---------+---------+-------
      Total |     615 |     147 |  19.3 |      91 |      10 |   9.9
            +---------+---------+-------+---------+---------+-------
        D:1 |      26 |       0 |   0.0 |      17 |       0 |   0.0
        D:2 |      78 |       0 |   0.0 |      30 |       0 |   0.0
        D:3 |      83 |       0 |   0.0 |      17 |       0 |   0.0
        D:4 |     144 |     147 |  50.5 |      18 |      10 |  35.7
        D:5 |      43 |       0 |   0.0 |       3 |       0 |   0.0
        D:6 |     241 |       0 |   0.0 |       6 |       0 |   0.0
            +---------+---------+-------+---------+---------+-------

Illustrated notes

Table legend:
 A = Kills in this place as a percentage of kills in entire the game.
 B = Kills by you in this place as a percentage of kills by you in the entire game.
 C = Kills by friends in this place as a percentage of kills by friends in the entire game.
 D = Other kills in this place as a percentage of other kills in the entire game.
 E = Experience gained in this place as a percentage of experience gained in the entire game.
 F = Experience gained in this place divided by the number of levels of this place that you have seen.
                   A       B       C       D       E      F
               +-------+-------+-------+-------+-------+----------------------
         Total | 100.0 | 100.0 |   N/A |   N/A | 100.0 | 108.9
       Dungeon | 100.0 | 100.0 |   N/A |   N/A | 100.0 | 127.0
               +-------+-------+-------+-------+-------+----------------------

Table legend: (Time is in decaauts)
 A = Elapsed time spent in this place.
 B = Non-inter-level travel time spent in this place.
 C = Inter-level travel time spent in this place.
 D = Time resting spent in this place.
 E = Time spent auto-exploring this place.
 F = Levels seen in this place.
 G = Mean time per level.
                   A        B        C        D        E       F      G
               +--------+--------+--------+--------+--------+-----+--------+
         Total |   6745 |   6439 |    306 |   1490 |   3921 |   7 |  963.6 |
       Dungeon |   6727 |   6437 |    290 |   1490 |   3921 |   6 | 1121.2 |
        Temple |     18 |      2 |     16 |      0 |      0 |   1 |   18.0 |
               +--------+--------+--------+--------+--------+-----+--------+

Top non-repeatable levels by time:
     D:4: 2027 daAuts
     D:2: 1639 daAuts
     D:1: 1246 daAuts
     D:3: 1234 daAuts
     D:6: 386 daAuts
     D:5: 192 daAuts
  Temple: 18 daAuts
